 Dungeon Crawl Stone Soup version 0.31-a0-507-gbafd7f5274 (webtiles) character file.

Game seed: 8201744797594090709

1846102 Ge0ff the Shapeless Troll (level 27, 354/354 HPs)
             Began as a Troll Reaver on Aug 9, 2023.
             Was the Champion of Makhleb.
             Escaped with the Orb
             ... and 3 runes on Aug 10, 2023!
             The game lasted 03:14:59 (60016 turns).

Ge0ff the Shapeless Troll (Troll Reaver)           Turns: 60016, Time: 03:15:00

Health: 354/354    AC: 40    Str: 28      XL:     27
Magic:  42/42      EV: 15    Int:  8 (9)  God:    Makhleb [******]
Gold:   3794       SH: 21    Dex: 18      Spells: 25/34 levels left

rFire   + .          .
                       - Unarmed
rCold   + . .        D - +5 kite shield {reflect}
rNeg    + + +        Y - melded +3 troll leather armour
rPois   ∞            Q - +2 hat {Will+}
rElec   +            i - scarf {rC+ rF+}
rCorr   .            (gloves unavailable)
SInv    +            (boots unavailable)
Will    +++..        P - amulet of guardian spirit
Stlth   ++           h - +8 ring of slaying
HPRegen 1.59/turn    t - ring of Noluesan {Drain rN+++ MP+9 SInv Stlth+, =R}
MPRegen 0.28/turn

%: reflection, guardian spirit
@: statue-form, very slow
A: slow and powerful, torment resistance 1, boosted hp, large, unfitting armour,
claws 3, regeneration 1, (shaggy fur 1), (tough skin 1), horns 2, talons 1,
sense surroundings 1, poison resistance, screaming 1
0: Orb of Zot
}: 3/15 runes: barnacled, silver, gossamer
a: Begin Untransformation, Renounce Religion, Minor Destruction, Lesser Servant
of Makhleb, Major Destruction, Greater Servant of Makhleb


You escaped.
You worshipped Makhleb.
Makhleb was exalted by your worship.
You were a living statue of rough stone.
You visited 11 branches of the dungeon, and saw 51 of its levels.
You also visited: Wizlab.

You collected 10948 gold pieces.
You spent 7154 gold pieces at shops.

Inventory:

Missiles
 a - 55 boomerangs
 b - 7 atropa-tipped darts
 e - 12 datura-tipped darts {=F}
 g - 2 throwing nets {=F}
 v - 5 curare-tipped darts {=F}
 x - 11 silver javelins
 S - 19 javelins
Armour
 i - a scarf of resistance (worn)
 r - the +4 dragonskin cloak
   (You took it off Tiamat on level 2 of the Realm of Zot)

   Avatar's Aegis: It grants the wearer a chance to resist fire, cold, poison,
   electricity, acid, and negative energy.
 D - a +5 kite shield of reflection (worn)
 Q - a +2 hat of willpower (worn)
 Y - a +3 troll leather armour (melded)
Jewellery
 f - the ring of Leaves {Will+ rCorr Str+4 Int-5 SInv}
   (You bought it in a shop on level 4 of the Shoals)

   [ring of resist corrosion]

   Str+4:     It affects your strength (+4).
   Int-5:     It affects your intelligence (-5).
   Will+:     It increases your willpower.
   SInv:      It lets you see invisible.
   rCorr:     It protects you from acid and corrosion.
 h - a +8 ring of slaying (left claw)
 t - the ring of Noluesan (right claw) {Drain rN+++ MP+9 SInv Stlth+, =R}
   (You took it off a gnoll on level 4 of the Dungeon)

   [ring of magical power]

   rN+++:     It renders you almost immune to negative energy.
   MP+9:      It affects your magic capacity (+9).
   SInv:      It lets you see invisible.
   Drain:     It drains your maximum health when unequipped.
   Stlth+:    It makes you more stealthy.
 w - a ring of flight
 P - an amulet of guardian spirit (around neck)
Talismans
 z - a granite talisman (active)
Wands
 j - a wand of light (9)
 k - a wand of iceblast (35)
 p - a wand of paralysis (51)
 s - a wand of mindburst (8)
Scrolls
 m - 2 scrolls of revelation
 y - 5 scrolls of immolation
 B - 2 scrolls of blinking
 C - 8 scrolls of poison
 E - 6 scrolls of fear
 F - 8 scrolls of fog
 J - 4 scrolls of silence {!r}
 T - 19 scrolls of teleportation
 V - 11 scrolls of vulnerability
Potions
 o - 9 potions of ambrosia
 q - 20 potions of curing
 u - 10 potions of mutation {!q}
 A - 6 potions of attraction
 H - 3 potions of haste {!q}
 I - 2 potions of invisibility
 K - 4 potions of magic {!q}
 L - 11 potions of lignification
 N - 3 potions of cancellation {!q}
 R - 6 potions of resistance
 W - 5 potions of heal wounds {!q}
 X - 4 potions of enlightenment
 Z - 2 potions of berserk rage {!q}
Miscellaneous
 c - a condenser vane
 l - a lightning rod (4/4)
 n - a phial of floods
 G - the horn of Geryon
 O - a box of beasts
 U - a phantom mirror


   Skills:
 + Level 15.7 Fighting
 - Level 6.0 Throwing
 - Level 6.5 Armour
 - Level 10.0 Dodging
 - Level 5.0 Stealth
 - Level 20.0 Shields
 - Level 17.0 Unarmed Combat
 - Level 4.0 Spellcasting
 - Level 2.1 Conjurations
 - Level 5.0 Translocations
 - Level 15.0 Invocations
 - Level 12.0 Evocations
 O Level 27 Shapeshifting


You had 25 spell levels left.
You knew the following spells:

 Your Spells              Type           Power      Damage    Failure   Level
w - Passwall              Tmut/Erth      0%         N/A       45%         2
B - Blink                 Tloc           18%        N/A       7%          2
F - Summon Forest         Summ/Tloc      2%         N/A       98%         5

Your spell library contained the following spells:

 Spells                   Type           Power      Damage    Failure   Level
 Lesser Beckoning         Tloc           18%        N/A       7%          2
 Momentum Strike          Conj/Tloc      14%        3d8       12%         2
 Gell's Gravitas          Tloc           9%         N/A       13%         3
 Teleport Other           Tloc           9%         N/A       13%         3
 Magic Dart               Conj           20%        1d4       14%         1
 Foxfire                  Conj/Fire      12%        2x1d4     22%         1
 Kiss of Death            Conj/Necr      12%        2d6       22%         1
 Searing Ray              Conj           10%        2d4       22%         2
 Static Discharge         Conj/Air       6%         2-3/arc   32%         2
 Freeze                   Ice            4%         1d3       34%         1
 Necrotise                Necr           4%         1d4       34%         1
 Sandblast                Erth           2%         2d4       34%         1
 Sting                    Tmut/Pois      4%         1d3       34%         1
 Portal Projectile        Hex/Tloc       10%        N/A       36%         3
 Vhi's Electric Charge    Tloc/Air       10%        N/A       36%         3
 Manifold Assault         Tloc           9%         N/A       41%         4
 Passage of Golubria      Tloc           9%         N/A       41%         4
 Call Imp                 Summ           2%         N/A       45%         2
 Cigotuvi's Dreadful Rot  Necr/Pois/Air  2%         N/A       45%         2
 Ensorcelled Hibernation  Hex/Ice        2%         N/A       45%         2
 Wereblood                Tmut           1%         N/A       45%         2
 Hailstorm                Conj/Ice       3%         3d3       54%         3
 Stone Arrow              Conj/Erth      6%         3d7       54%         3
 Mephitic Cloud           Conj/Pois/Air  2%         N/A       61%         3
 Iskenderun's Mystic Bla  Conj/Tloc      7%         2d4       61%         4
 Call Canine Familiar     Summ           1%         N/A       71%         3
 Frozen Ramparts          Ice            2%         1d1       71%         3
 Inner Flame              Hex/Fire       1%         N/A       71%         3
 Ozocubu's Armour         Ice            1%         N/A       71%         3
 Swiftness                Air            1%         N/A       71%         3
 Tukima's Dance           Hex            1%         N/A       71%         3
 Vampiric Draining        Necr           1%         2d6       71%         3
 Flame Wave               Conj/Fire      3%         2d5       91%         4
 Fulminant Prism          Conj/Hex       1%         3d5       91%         4
 Sticky Flame             Conj/Fire      3%         2d3       91%         4
 Airstrike                Air            0%         2d(1-17)  98%         4
 Anguish                  Hex/Necr       0%         N/A       98%         4
 Animate Armour           Summ/Erth      2%         N/A       98%         4
 Animate Dead             Necr           1%         N/A       98%         4
 Cause Fear               Hex            0%         N/A       98%         4
 Dispel Undead            Necr           1%         3d6       98%         4
 Leda's Liquefaction      Hex/Erth       0%         N/A       98%         4
 Petrify                  Tmut/Erth      1%         N/A       98%         4
 Summon Ice Beast         Ice/Summ       1%         N/A       98%         4
 Summon Lightning Spire   Summ/Air       1%         N/A       98%         4
 Iskenderun's Battlesphe  Conj           5%         2d6       98%         5
 Arcjolt                  Conj/Air       1%         1d11      99%         5
 Fireball                 Conj/Fire      1%         3d3       99%         5
 Irradiate                Conj/Tmut      1%         3d12      99%         5
 Agony                    Necr           1%         N/A       100%        5
 Lee's Rapid Deconstruct  Erth           0%         3d4*      100%        5
 Metabolic Englaciation   Hex/Ice        0%         N/A       100%        5
 Silence                  Hex/Air        0%         N/A       100%        5
 Summon Mana Viper        Hex/Summ       1%         N/A       100%        5
 Yara's Violent Unravell  Hex/Tmut       0%         3d3       100%        5
 Conjure Ball Lightning   Conj/Air       1%         3x3d6     100%        6
 Dispersal                Tloc           4%         N/A       100%        6
 Leda's Unmaking          Conj/Erth      1%         9d1       100%        6
 Plasma Beam              Fire/Air       0%         2x1d10    100%        6
 Simulacrum               Ice/Necr       0%         N/A       100%        6
 Summon Cactus Giant      Summ           0%         N/A       100%        6
 Enfeeble                 Hex            0%         N/A       100%        7
 Haunt                    Necr/Summ      0%         N/A       100%        7
 Malign Gateway           Summ/Tloc      2%         N/A       100%        7
 Orb of Destruction       Conj           2%         9d5       100%        7
 Ozocubu's Refrigeration  Ice            0%         4d7       100%        7
 Spellforged Servitor     Conj/Summ      1%         N/A       100%        7
 Borgnjor's Revivificati  Necr           0%         N/A       100%        8
 Disjunction              Tloc           4%         N/A       100%        8
 Infestation              Necr           0%         N/A       100%        8
 Lehudib's Crystal Spear  Conj/Erth      1%         10d2      100%        8
 Summon Horrible Things   Summ           0%         N/A       100%        8
 Chain Lightning          Conj/Air       1%         3d2       100%        9
 Death's Door             Necr           0%         N/A       100%        9
 Dragon's Call            Summ           0%         N/A       100%        9
 Shatter                  Erth           0%         3d5*      100%        9
 Sublimation of Blood     Necr           Unusable   N/A       N/A         2

Dungeon Overview and Level Annotations

Branches:
Dungeon (15/15)            Temple (0/1) D:4            Lair (5/5) D:11
 Shoals (4/4) Lair:2       Spider (4/4) Lair:2        Slime (0/5) Lair:5
    Orc (2/2) D:11            Elf (3/3) Orc:2        Vaults (5/5) D:14
  Crypt (3/3) Vaults:3       Tomb (0/3) Crypt:3      Depths (4/4) D:15
   Hell (visited)             Dis (0/7) Hell            Geh (0/7) Hell
    Coc (0/7) Hell            Tar (0/7) Hell            Zot (5/5) Depths:4
 WizLab (visited)

Altars:
Dithmenos
Fedhas
Gozag
Kikubaaqudgha
Makhleb
Nemelex Xobeh
Okawaru
Ru
Vehumet
Yredelemnul
The Shining One
Jiyva

Shops:
D:6 *   D:9 **   D:12 ?   D:15 ?   Orc:1 [=   Orc:2 ?[(!*   Elf:2 (=:=
Elf:3 *   Shoals:4 =   Depths:1 *   Depths:4 (

Portals:
Hell: Depths:1 Depths:2 Depths:3 Depths:4
Abyss: Depths:3 Depths:4
Pandemonium: Depths:1 Depths:2
Ziggurat: Depths:1


Innate Abilities, Weirdness & Mutations

You are a living statue of rough stone.
Your actions are slow, but your melee attacks are powerful.
You are resistant to unholy torment.
Your maximum health is greatly increased.
Your equipment is partially melded.
You are too large for most types of armour.
You are immune to poison.
You have claws for hands.
Your natural rate of healing is unusually fast.
((You are covered in fur. (AC +1)))
((You have tough skin. (AC +1)))
You have a pair of horns on your head.
You have sharp toenails.
You passively map a small area around you.
Your system is resistant to poisons. (rPois)
You occasionally shout uncontrollably at your foes.


Message History

The Executioner is severely wounded.
You block the Executioner's attack. x2
The Executioner hits you but does no damage.
You block the Executioner's attack. The Executioner hits you.
The Executioner hits you but does no damage. x4
You mangle the Executioner!!
You kill the Executioner!
Makhleb accepts your kill.
You feel better.
The demonspawn warmonger unwields a +2 arbalest of electrocution.
It stops crackling.
The demonspawn warmonger wields a +2 antimagic demon blade.
The demonspawn warmonger completely misses you.
You block the demonspawn warmonger's attack.
The demonspawn warmonger gores you but does no damage.
You block the demonspawn warmonger's attack.
The demonspawn warmonger claws you but does no damage.
The demonspawn warmonger gores you but does no damage.
You mangle the demonspawn warmonger!! You claw the demonspawn warmonger!
Your headbutt misses the demonspawn warmonger.
The demonspawn warmonger is heavily wounded.
The demonspawn warmonger hits you with a +2 antimagic demon blade!!
You feel your power leaking away.
You block the demonspawn warmonger's attack. x2
You claw the demonspawn warmonger!
You claw the demonspawn warmonger, but do no damage.
You headbutt the demonspawn warmonger!!
The demonspawn warmonger is severely wounded.
The demonspawn warmonger barely misses you.
The demonspawn warmonger claws you.
The demonspawn warmonger gores you but does no damage.
You claw the demonspawn warmonger!
Your kick misses the demonspawn warmonger.
You headbutt the demonspawn warmonger!
The demonspawn warmonger is almost dead.
The demonspawn warmonger invokes the aid of its god against you.
Your magic feels more tainted.
You mangle the demonspawn warmonger!!
You kill the demonspawn warmonger!
Makhleb accepts your kill.
You feel better.
You feel your intelligence returning.
Things that are here:
a +2 antimagic demon blade; a +2 arbalest of electrocution; +0 ice dragon scales
There is a stone staircase leading down here.
Your magic seems less tainted.
You enter the shallow water.
Magic restored.
There is a staircase leading out of the dungeon here.
You have escaped!

#†.##
#.##...........
#.###
#.##.####....#.
#..###
#.##.#######.##
##.#### ###.####
#... #.######.#.###
#### #...#####.###
######
####..###.####
##.[...
###..~~##∩###......
#8##~~..###.......
####.###..##......
###.#####........
###.#.######......
*####.###
###.......
####.##.#
*###...... ###
#.##.## ###...... #
#.##..## #.......
#......# #.......


There were no monsters in sight!

Vanquished Creatures
  A seraph (Depths:3)
  7 dread liches
  Tiamat (Zot:2)
  6 orbs of fire
  Khufu (Crypt:3)
  Mennas (Vaults:4)
  2 ancient liches (Zot:5)
  3 royal mummies (Crypt:3)
  9 Killer Klowns (Zot:5)
  Saint Roka (Depths:3)
  2 curse toes (Zot:5)
  Geryon (Hell)
  A caustic shrike (Depths:3)
  11 golden dragons
  2 pandemonium lords
  Arachne (Spider:3)
  2 electric golems (Zot:5)
  A shard shrike zombie (Crypt:3)
  Zenata (Vaults:3)
  9 liches
  25 Orb Guardians (Zot:5)
  2 Hell Sentinels (Zot:5)
  24 tentacled monstrosities
  3 deep elf blademasters
  3 deep elf master archers (Elf:3)
  A walking frostbound tome (Depths:3)
  2 titans (Vaults:5)
  3 sphinxes
  Asterion (Elf:3)
  Polyphemus (Shoals:3)
  3 death cobs
  5 quicksilver dragons
  5 ancient champions
  18 storm dragons
  2 Executioners
  Gastronok (D:8)
  Agnes (D:14)
  2 sphinxes (shapeshifter) (Vaults:5)
  6 tengu reavers
  A demonspawn warmonger (D:1)
  6 revenants
  A daeva (Depths:3)
  Donald (Shoals:4)
  8 deep elf sorcerers
  7 shadow dragons
  9 fire giants
  7 draconian scorchers
  5 draconian knights
  5 emperor scorpions (Spider:4)
  4 iron dragons
  A caustic shrike zombie (Depths:2)
  3 balrugs
  5 deep elf elementalists
  6 draconian shifters
  8 frost giants
  9 ghost moths
  3 orc warlords
  5 curse skulls
  A cacodemon (D:11)
  2 formless jellyfish
  19 ironbound preservers
  6 war gargoyles
  An angel (D:9)
  A ghoul (Crypt:2)
  A juggernaut zombie (Hell)
  4 draconian annihilators
  The ghost of Pouhacac the Imperceptible, an adept SpEn of Okawaru (Shoals:2)
  13 vault wardens
  5 spriggan defenders (Depths:1)
  7 draconian stormcallers
  3 ironbound thunderhulks
  10 reapers
  5 broodmothers (Spider:4)
  10 very ugly things
  7 green draconians
  A caustic shrike skeleton (Depths:2)
  5 deep elf annihilators
  13 stone giants
  A demonspawn black sun (Depths:1)
  The ghost of night the Martial Artist, a journeyman DsSh of Lugonu (Lair:3)
  6 dire elephants
  6 black draconians
  16 purple draconians
  9 deep elf demonologists
  10 vampire knights
  11 white draconians
  13 spark wasps
  3 blizzard demons
  A lorocyproca (Hell)
  8 yellow draconians
  10 red draconians
  6 eidola
  A wendigo (Depths:1)
  9 deep elf death magi
  A merfolk javelineer (Shoals:4)
  A crystal guardian (Vaults:2)
  9 ettins
  4 merfolk impalers
  A green death (D:15)
  Josephine (D:12)
  7 fire dragons
  9 statues (WizLab)
  15 yaktaur captains
  5 entropy weavers
  A quicksilver dragon zombie (Depths:2)
  10 jiangshi
  3 great orbs of eyes
  6 deep elf high priests
  A spectral spriggan (Crypt:3)
  A rakshasa (Depths:1)
  A fenstrider witch zombie (Crypt:2)
  Erolcha (Orc:2)
  4 peacekeepers
  36 vault guards
  2 hell beasts
  Fannar (Lair:2)
  5 radroaches
  4 ogre magi
  7 hydras
  5 jorogumos
  A merfolk avatar (Shoals:2)
  2 spriggan air magi (Depths:3)
  4 catoblepae
  7 ice dragons
  4 spriggan skeletons
  10 centaur warriors
  A satyr (shapeshifter) (Vaults:5)
  12 boulder beetles
  2 ironbound frosthearts
  17 two-headed ogres
  2 alligator snapping turtles (Shoals:3)
  3 death knights
  10 tengu warriors
  8 merfolk aquamancers
  7 deep troll shamans
  9 demonic crawlers
  10 deep troll earth magi
  12 death yaks
  7 hell hogs
  20 dancing weapons
  7 vampire magi
  10 sun demons
  4 orc high priests
  A shock serpent (shapeshifter) (Depths:2)
  15 soul eaters
  A titan zombie (Depths:2)
  A titan skeleton (Crypt:1)
  26 hell knights
  A storm dragon zombie (Depths:2)
  3 iron trolls (Depths:1)
  15 deep elf knights
  A spark wasp zombie (Depths:2)
  3 pharaoh ants
  A skyshark (shapeshifter) (Depths:1)
  10 skeletal warriors
  A spectral bunyip (Crypt:3)
  2 sixfirhies (D:11)
  2 sun moths
  5 skysharks
  A spectral anaconda (Crypt:3)
  A golden dragon zombie (Depths:2)
  9 sea snakes
  12 shadow wraiths (Crypt:3)
  12 orb spiders
  11 flayed ghosts
  4 glowing orange brains
  80 deep trolls
  An obsidian statue (Vaults:4)
  7 wizards
  13 harpies
  12 deep elf archers
  A tengu zombie (Depths:2)
  10 steelbarb worms
  A bunyip skeleton (Crypt:3)
  Pikel (D:4)
  12 lindwurms
  27 phantasmal warriors
  4 golden dragon skeletons
  Jeremiah (D:7)
  A shadow dragon zombie (Depths:2)
  An orange crystal statue (Shoals:2)
  14 orc knights
  An iron dragon zombie (Depths:1)
  An anaconda skeleton (Hell)
  13 necromancers
  32 deep elf pyromancers
  22 ugly things
  A mana viper (shapeshifter) (Vaults:5)
  12 ironbound convokers
  22 wolf spiders
  4 fauns
  25 deep elf zephyrmancers
  4 stone giant zombies
  5 orc sorcerers
  2 oklob plants
  A frost giant zombie (Depths:1)
  29 moths of wrath
  A spectral centaur (Crypt:3)
  A salamander (shapeshifter) (Vaults:5)
  11 cyclopes
  9 black mambas
  4 water nymphs
  17 manticores
  10 rust devils
  A guardian serpent (shapeshifter) (Elf:2)
  10 elephants
  7 cane toads
  A human skeleton (Vaults:3)
  9 merfolk sirens
  2 ice statues (Hell)
  Joseph (D:7)
  A storm dragon simulacrum (Vaults:4)
  5 molten gargoyles
  A stone giant skeleton (Hell)
  8 smoke demons
  A water nymph (shapeshifter) (D:9)
  2 frost giant skeletons
  3 hellions
  A pale draconian zombie (Crypt:3)
  18 vault sentinels
  2 human zombies
  3 torpor snails
  A dire elephant skeleton (Crypt:1)
  A gargoyle (D:14)
  6 swamp worm zombies (Crypt:3)
  A centaur skeleton (Crypt:1)
  A spark wasp simulacrum (Depths:1)
  2 unseen horrors
  3 rime drakes
  25 yaktaurs
  A spectral merfolk (Shoals:2)
  An efreet (D:10)
  12 komodo dragons
  11 freezing wraiths
  A sea snake zombie (Hell)
  4 spriggan zombies
  A tormentor (Zot:1)
  2 kobold demonologists
  An ice devil (Hell)
  2 anaconda simulacra
  A catoblepas skeleton (Crypt:2)
  5 guardian mummies
  A minotaur skeleton (Crypt:1)
  19 tengu conjurers
  An alligator snapping turtle skeleton (Crypt:2)
  An unseen horror skeleton (Crypt:3)
  A meliai (shapeshifter) (D:13)
  2 red devils
  The ghost of FlatIsJustice the Trooper, an amateur NaFi (D:4)
  A spectral harpy (Crypt:3)
  3 meliai (D:15)
  5 wind drakes
  2 hydra zombies (Hell)
  A harpy zombie (Crypt:3)
  A sea snake skeleton (Hell)
  A polar bear (Lair:5)
  12 trolls
  8 merfolk
  Grinder (D:5)
  A hellwing (D:8)
  A death drake skeleton (Crypt:3)
  An iron troll skeleton (Crypt:1)
  24 tarantellas
  Prince Ribbit (D:7)
  2 harpy skeletons
  2 hydra skeletons (Hell)
  14 hornets
  40 blink frogs
  16 dream sheep
  An alligator zombie (Hell)
  8 snapping turtles
  An ettin zombie (Hell)
  19 flying skulls
  10 slime creatures
  A ynoxinul (D:4)
  A spectral wind drake (Shoals:2)
  13 culicivoras
  20 jumping spiders
  2 large abominations (Zot:5)
  13 shadows
  A culicivora (shapeshifter) (D:13)
  3 vampires
  Sigmund (D:3)
  20 water elementals
  4 air elementals
  17 wraiths
  6 wyverns
  47 yaks
  A human (shapeshifter) (D:13)
  4 basilisks
  A black mamba skeleton (Hell)
  A fire elemental (Elf:2)
  A vampire mosquito (D:9)
  44 redbacks
  An elf simulacrum (Vaults:4)
  A glowing shapeshifter zombie (Depths:1)
  A swamp worm (shapeshifter) (Depths:1)
  3 merfolk simulacra (Shoals:2)
  A skyshark zombie (Crypt:2)
  4 acid dragons
  6 wargs
  Edmund (D:5)
  A spectral snapping turtle (Shoals:2)
  A floating eye (Lair:5)
  4 hell hounds (Depths:4)
  Duvessa (D:7)
  A hydra simulacrum (Hell)
  A naga skeleton (Crypt:1)
  34 orc warriors
  14 water moccasins
  An ice beast (D:6)
  A two-headed ogre skeleton (Crypt:3)
  A sky beast (D:8)
  2 black bears
  25 ogres
  3 wolves (Lair:5)
  22 centaurs
  A phantom (D:5)
  5 kobold brigands
  A lemure (D:4)
  A hog skeleton (Crypt:3)
  A komodo dragon zombie (Crypt:2)
  15 bullfrogs
  7 necrophages
  2 wyvern zombies (D:5)
  2 earth elementals (Elf:1)
  3 scorpions (D:5)
  A glowing shapeshifter simulacrum (Vaults:3)
  16 wights
  A raiju zombie (Crypt:3)
  Dowan (D:7)
  17 killer bees
  A snapping turtle simulacrum (Shoals:2)
  A manticore simulacrum (Shoals:2)
  4 howler monkeys
  4 electric eels
  A lava snake (D:10)
  4 hounds
  3 jellies
  20 orc priests
  A gnoll bouda (D:8)
  5 iguanas
  Terence (D:3)
  9 hell rats
  A boggart zombie (Crypt:2)
  25 orc wizards
  A boggart skeleton (Crypt:3)
  An ogre zombie (Crypt:2)
  A sky beast zombie (Crypt:1)
  8 gnolls
  A howler monkey skeleton (Crypt:1)
  7 adders
  2 shadow imps
  3 white imps
  An ufetubus (D:6)
  An adder zombie (D:5)
  2 lava snake skeletons
  10 worms
  3 dart slugs
  82 orcs
  7 bats
  9 endoplasms
  7 giant cockroaches
  11 goblins
  9 hobgoblins
  6 jackals
  2 quokkas (D:1)
  10 ball pythons
  3 frilled lizards
  2 hobgoblin zombies
  18 kobolds
  2 rats
2406 creatures vanquished.

Vanquished Creatures (collateral kills)
  A golden dragon (Zot:2)
  A tentacled monstrosity (Vaults:5)
  A deep elf master archer (Elf:3)
  A titan (Vaults:5)
  A storm dragon (Depths:4)
  A shadow dragon (Zot:2)
  Aizul (Shoals:1)
  2 draconian knights
  A vault warden (Vaults:4)
  A draconian scorcher (Zot:4)
  2 draconian shifters
  4 ironbound preservers
  2 very ugly things (Depths:2)
  2 stone giants (Depths:2)
  A green draconian (Zot:2)
  A deep elf demonologist (Vaults:5)
  2 white draconians (Zot:2)
  A purple draconian (Zot:4)
  2 yellow draconians (Zot:2)
  2 red draconians
  A black draconian (Zot:2)
  A merfolk impaler (Shoals:3)
  2 deep elf death magi
  An ettin (Orc:1)
  A yaktaur captain (Vaults:5)
  An entropy weaver (Spider:1)
  An ice dragon (Depths:2)
  A satyr (Shoals:4)
  2 merfolk aquamancers
  A merfolk avatar (Shoals:1)
  10 dancing weapons
  A deep troll shaman (Depths:3)
  A hell knight (Depths:2)
  A demonic crawler (Spider:3)
  7 deep elf knights
  A skeletal warrior (D:10)
  A skyshark (Shoals:1)
  2 sea snakes
  3 wizards
  An orb spider (Spider:4)
  2 deep elf archers (Elf:2)
  3 ironbound convokers
  A lindwurm (Vaults:1)
  8 deep elf zephyrmancers
  3 deep trolls
  A necromancer (Vaults:4)
  15 deep elf pyromancers
  A harpy (Shoals:1)
  4 ugly things
  4 manticores
  2 oklob plants (Lair:5)
  3 fauns (Shoals:4)
  A moth of wrath (Zot:2)
  2 merfolk sirens
  4 vault sentinels
  A water nymph (Shoals:3)
  9 yaktaurs
  13 merfolk
  A troll (Orc:1)
  4 wind drakes
  2 tarantellas
  3 snapping turtles
  2 dream sheep (Shoals:3)
  An ettin skeleton (Vaults:4)
  A culicivora (Spider:4)
  5 water elementals
  A redback (Spider:1)
  A warg (Vaults:5)
  3 orc warriors (Vaults:5)
  An elf simulacrum (Vaults:4)
  2 ogres (Orc:1)
  2 electric eels (Elf:3)
  An orc priest (Orc:1)
  2 gnolls (D:4)
179 creatures vanquished.

Vanquished Creatures (others)
  A draconian knight (Zot:2)
  A vampire knight (Depths:3)
  A jorogumo (Spider:4)
  A glowing orange brain (Depths:3)
  A deep troll (Depths:1)
  3 deep elf pyromancers
  A smoke demon (Depths:4)
  A tengu conjurer (WizLab)
  A spectral manticore (Shoals:2)
  A stone giant simulacrum (Depths:1)
  An ettin simulacrum (Depths:1)
  A quasit (Depths:1)
  A hell rat (Hell)
  A gnoll (D:4)
  An orc (D:14)
17 creatures vanquished.

Grand Total: 2602 creatures vanquished

Notes
Turn   | Place    | Note
-------+----------+-------------------------------------------
     0 | D:1      | Ge0ff the Troll Reaver began the quest for the Orb.
     0 | D:1      | Reached XP level 1. HP: 19/19 MP: 1/1
   102 | D:1      | Reached XP level 2. HP: 28/28 MP: 2/2
   571 | D:2      | Reached XP level 3. HP: 22/35 MP: 3/3
   672 | D:2      | Reached skill level 1 in Stealth
   844 | D:1      | Reached XP level 4. HP: 34/42 MP: 4/4
  1275 | D:3      | Reached XP level 5. HP: 49/49 MP: 5/5
  1320 | D:3      | Noticed a golden eye
  1321 | D:3      | Noticed Sigmund
  1325 | D:3      | Noticed a great orb of eyes
  1339 | D:3      | Found a faded altar of an unknown god.
  1341 | D:3      | Noticed an eye of devastation
  1341 | D:3      | Noticed an eye of devastation
  1346 | D:3      | Prayed at the altar of an unknown god.
  1346 | D:3      | Became a worshipper of Makhleb the Destroyer
  1346 | D:3      | Reached * piety under Makhleb
  1412 | D:3      | Noticed Terence
  1468 | D:3      | Reached skill level 5 in Unarmed Combat
  1654 | D:3      | Reached skill level 1 in Throwing
  1885 | D:3      | Killed Terence
  1886 | D:3      | Reached skill level 1 in Evocations
  1963 | D:3      | Killed Sigmund
  1964 | D:3      | Reached XP level 6. HP: 53/57 MP: 6/6
  2146 | D:4      | Reached XP level 7. HP: 65/65 MP: 7/7
  2187 | D:4      | Found a staircase to the Ecumenical Temple.
  2264 | D:4      | Noticed Pikel
  2273 | D:4      | Paralysed by Pikel for 4 turns
  2297 | D:4      | Killed Pikel
  2301 | D:4      | Reached XP level 8. HP: 45/75 MP: 8/8
  2514 | D:4      | Found a shadowy altar of Dithmenos.
  2600 | D:4      | Identified the +1 halberd of Arbitration {pain, Contam
                  | rElec Dex+6 Stlth+}
  2604 | D:4      | Found a burning altar of Makhleb.
  2604 | D:4      | Noticed a green death
  2607 | D:4      | Noticed an orange demon
  2607 | D:4      | Noticed a smoke demon
  2629 | D:4      | Found a transporter.
  2653 | D:4      | Noticed FlatIsJustice's ghost (amateur NaFi)
  2661 | D:4      | Identified the ring of Noluesan {Drain rN+++ MP+9 SInv
                  | Stlth+}
  2668 | D:4      | Found a transporter.
  2814 | D:5      | Entered Level 5 of the Dungeon
  2816 | D:5      | Noticed Grinder
  2957 | D:5      | Noticed Edmund
  2970 | D:5      | Killed Edmund
  2970 | D:5      | Reached ** piety under Makhleb
  2981 | D:5      | Found a blossoming altar of Fedhas.
  3018 | D:5      | Reached skill level 1 in Shapeshifting
  3171 | D:5      | Reached skill level 2 in Shapeshifting
  3503 | D:5      | Killed Grinder
  3504 | D:5      | Reached XP level 9. HP: 84/84 MP: 10/10
  3921 | D:6      | Reached skill level 3 in Shapeshifting
  3941 | D:6      | Found Muxkotisk's Elemental Accessories.
  4438 | D:6      | Reached *** piety under Makhleb
  4760 | D:7      | Noticed Duvessa
  4765 | D:7      | Noticed Dowan
  4772 | D:7      | Killed Duvessa
  4871 | D:7      | Reached skill level 5 in Fighting
  4924 | D:7      | Noticed Joseph
  4974 | D:7      | Found an opulent altar of Gozag.
  4977 | D:7      | Noticed Prince Ribbit
  4982 | D:7      | Killed Prince Ribbit
  4995 | D:7      | Noticed Jeremiah
  5115 | D:7      | Reached skill level 4 in Shapeshifting
  5224 | D:7      | Killed Dowan
  5397 | D:6      | Bought a lightning rod (4/4) for 330 gold pieces
  5611 | D:7      | Noticed a deep elf pyromancer
  5611 | D:7      | Noticed a troll
  5613 | D:7      | Noticed a kobold demonologist
  5615 | D:7      | Killed a deep elf pyromancer
  5615 | D:7      | Killed a troll
  5615 | D:7      | Killed a kobold demonologist
  5616 | D:7      | Reached skill level 10 in Unarmed Combat
  5616 | D:7      | Reached skill level 5 in Shapeshifting
  5616 | D:7      | Reached XP level 10. HP: 96/96 MP: 11/11
  5647 | D:7      | Reached skill level 6 in Shapeshifting
  5833 | D:7      | Killed Jeremiah
  5954 | D:7      | Found a sparkling altar of Nemelex Xobeh.
  6146 | D:7      | Killed Joseph
  6263 | D:7      | Found a sparkling altar of Nemelex Xobeh.
  6285 | D:7      | Found an opulent altar of Gozag.
  7750 | D:8      | Reached **** piety under Makhleb
  7798 | D:8      | Noticed a boulder beetle
  7809 | D:8      | Killed a boulder beetle
  7810 | D:8      | Reached skill level 7 in Shapeshifting
  7810 | D:8      | Reached XP level 11. HP: 76/105 MP: 13/13
  7847 | D:8      | Reached skill level 5 in Evocations
  8302 | D:4      | Killed FlatIsJustice's ghost
  8303 | D:4      | Reached skill level 5 in Invocations
  8556 | D:9      | Noticed a cyan ugly thing
  8572 | D:9      | Killed a cyan ugly thing
  8583 | D:9      | Noticed a tengu warrior
  8601 | D:9      | Killed a tengu warrior
  8777 | D:9      | Found Ohis's General Store.
  8781 | D:9      | Found Fyfyirea's Specific Store.
  8790 | D:9      | Bought a potion of berserk rage for 55 gold pieces
  8790 | D:9      | Bought a scroll of teleportation for 33 gold pieces
  8790 | D:9      | Bought a scroll of poison for 44 gold pieces
  8790 | D:9      | Bought a scroll of teleportation for 33 gold pieces
  9115 | D:9      | Found a sacrificial altar of Ru.
  9252 | D:8      | Noticed Gastronok
  9265 | D:8      | Killed Gastronok
  9266 | D:8      | Reached skill level 8 in Shapeshifting
  9741 | D:10     | Entered Level 10 of the Dungeon
  9782 | D:10     | Reached ***** piety under Makhleb
  9798 | D:10     | Noticed a centaur warrior
  9811 | D:10     | Killed a centaur warrior
 10355 | D:10     | Noticed a two-headed ogre
 10367 | D:10     | Killed a two-headed ogre
 10368 | D:10     | Noticed a boulder beetle
 10379 | D:10     | Noticed a skeletal warrior
 10383 | D:10     | Killed a boulder beetle
 10384 | D:10     | Reached XP level 12. HP: 116/122 MP: 16/16
 10395 | D:10     | Reached skill level 1 in Armour
 10410 | D:10     | Noticed a two-headed ogre
 10417 | D:10     | Killed a two-headed ogre
 10564 | D:10     | Noticed a two-headed ogre
 10575 | D:10     | Killed a two-headed ogre
 10892 | D:6      | Bought a wand of flame (8) for 61 gold pieces
 11052 | D:11     | Noticed a two-headed ogre
 11061 | D:11     | Killed a two-headed ogre
 11187 | D:11     | Noticed a two-headed ogre
 11200 | D:11     | Killed a two-headed ogre
 11239 | D:11     | Found a staircase to the Lair.
 11309 | D:11     | Reached skill level 9 in Shapeshifting
 11332 | D:11     | Found a staircase to the Orcish Mines.
 11425 | D:11     | Noticed a boulder beetle
 11431 | D:11     | Killed a boulder beetle
 11719 | D:11     | Identified a scroll of acquirement
 11720 | D:11     | Acquired 472 gold pieces
 12036 | Lair:1   | Entered Level 1 of the Lair of Beasts
 12191 | Lair:1   | Reached XP level 13. HP: 133/133 MP: 17/17
 12285 | Lair:1   | Reached skill level 10 in Fighting
 12804 | Lair:2   | Found a hole to the Spider Nest.
 12904 | Lair:2   | Noticed Fannar
 12919 | Lair:2   | Found a staircase to the Shoals.
 12926 | Lair:2   | Killed Fannar
 13806 | Lair:3   | Found a transporter.
 13808 | Lair:3   | Found a transporter.
 13808 | Lair:3   | Noticed night's ghost (journeyman DsSh)
 14314 | Lair:3   | Got the Vellum of Foul Corpses
 14425 | Lair:3   | Killed night's ghost
 14570 | Lair:4   | Reached ****** piety under Makhleb
 14932 | Lair:4   | Reached skill level 10 in Shapeshifting
 14936 | Lair:4   | Reached XP level 14. HP: 150/150 MP: 19/19
 15458 | Lair:5   | Entered Level 5 of the Lair of Beasts
 16113 | Lair:5   | Found a runed translucent door.
 16113 | Lair:5   | Found a viscous altar of Jiyva.
 16116 | Lair:5   | Found a staircase to the Slime Pits.
 16569 | Lair:5   | Reached skill level 5 in Armour
 17070 | Lair:5   | Reached skill level 11 in Shapeshifting
 17466 | Lair:5   | Found a viscous altar of Jiyva.
 17467 | Lair:5   | Found a staircase to the Slime Pits.
 18129 | Orc:1    | Entered Level 1 of the Orcish Mines
 18267 | Orc:2    | Entered Level 2 of the Orcish Mines
 18267 | Orc:2    | Found Hiududdi's Mass Market.
 18314 | Orc:2    | Noticed Erolcha
 18338 | Orc:1    | Noticed an orc warlord
 18368 | Orc:1    | Killed an orc warlord
 18369 | Orc:1    | Reached XP level 15. HP: 79/159 MP: 20/20
 18456 | Orc:1    | Found Sazi's Armour Emporium.
 18458 | Orc:1    | Found Yfror's Jewellery Shop.
 18750 | Orc:2    | Killed Erolcha
 19357 | Orc:2    | Found Mujupn's Armour Emporium.
 19359 | Orc:2    | Found Qyote's Distillery.
 19363 | Orc:2    | Found Saymnor's Magic Scroll Shop.
 19370 | Orc:2    | Bought a potion of degeneration for 14 gold pieces
 19374 | Orc:2    | Bought a potion of cancellation for 112 gold pieces
 19374 | Orc:2    | Bought a potion of attraction for 42 gold pieces
 19376 | Orc:2    | Found Xeddiavae's Antique Weapon Emporium.
 19380 | Orc:2    | Bought a scroll of identify for 26 gold pieces
 19380 | Orc:2    | Bought a scroll of identify for 26 gold pieces
 19380 | Orc:2    | Bought a scroll of identify for 26 gold pieces
 19380 | Orc:2    | Bought a scroll of teleportation for 39 gold pieces
 19380 | Orc:2    | Bought a scroll of teleportation for 39 gold pieces
 19408 | Orc:2    | Found a staircase to the Elven Halls.
 19734 | Orc:2    | Bought 2 potions of curing for 84 gold pieces
 19734 | Orc:2    | Bought a potion of invisibility for 112 gold pieces
 19734 | Orc:2    | Bought a potion of curing for 42 gold pieces
 19734 | Orc:2    | Bought a potion of invisibility for 112 gold pieces
 20091 | D:12     | Noticed Josephine
 20096 | D:12     | Killed Josephine
 20118 | D:12     | Found Heczimia's Magic Scroll Boutique.
 20126 | D:12     | Bought a scroll of identify for 28 gold pieces
 20126 | D:12     | Bought a scroll of identify for 28 gold pieces
 20126 | D:12     | Bought a scroll of silence for 133 gold pieces
 20126 | D:12     | Bought a scroll of teleportation for 42 gold pieces
 20126 | D:12     | Bought a scroll of vulnerability for 56 gold pieces
 20126 | D:12     | Bought a scroll of immolation for 56 gold pieces
 20126 | D:12     | Bought a scroll of fog for 56 gold pieces
 20126 | D:12     | Bought a scroll of teleportation for 42 gold pieces
 20534 | D:12     | Reached skill level 5 in Stealth
 20795 | D:13     | Reached skill level 12 in Shapeshifting
 21035 | D:13     | Reached skill level 10 in Invocations
 21695 | D:14     | Found Etiafor's Distillery.
 21873 | D:14     | Noticed Agnes
 21893 | D:14     | Killed Agnes
 21906 | D:14     | HP: 11/243 [red ugly thing (21)]
 22103 | D:14     | Reached XP level 16. HP: 166/171 MP: 22/22
 22644 | D:14     | Found a gate to the Vaults.
 22715 | D:15     | Entered Level 15 of the Dungeon
 23036 | D:15     | Reached skill level 13 in Shapeshifting
 23043 | D:15     | Found a staircase to the Depths.
 23379 | D:15     | Found Xekodott's Magic Scroll Emporium.
 23387 | D:15     | Bought a scroll of immolation for 68 gold pieces
 23387 | D:15     | Bought a scroll of teleportation for 51 gold pieces
 23387 | D:15     | Bought a scroll of poison for 68 gold pieces
 23387 | D:15     | Bought a scroll of teleportation for 51 gold pieces
 23387 | D:15     | Bought a scroll of teleportation for 51 gold pieces
 23758 | Spider:1 | Entered Level 1 of the Spider Nest
 23806 | Spider:1 | Reached skill level 14 in Shapeshifting
 23999 | Spider:1 | Reached skill level 5 in Dodging
 24884 | Spider:2 | You fall into a shaft and drop 1 floor!
 24884 | Spider:3 | Noticed Arachne
 24895 | Spider:3 | Killed Arachne
 24985 | Spider:3 | Reached XP level 17. HP: 180/180 MP: 23/23
 25257 | Spider:3 | Gained mutation: You are weak. (Str -2) [mutagenic glow]
 25258 | Spider:3 | Lost mutation: You are weak. (Str -2) [potion of mutation]
 25258 | Spider:3 | Gained mutation: You are occasionally teleported next to
                  | monsters. [potion of mutation]
 25258 | Spider:3 | Gained mutation: You are clumsy. (Dex -2) [potion of
                  | mutation]
 25258 | Spider:3 | Gained mutation: Your spells are a little harder to cast,
                  | but a little more powerful. [potion of mutation]
 25259 | Spider:3 | Lost mutation: You are clumsy. (Dex -2) [potion of
                  | mutation]
 25259 | Spider:3 | Lost mutation: You are occasionally teleported next to
                  | monsters. [potion of mutation]
 25259 | Spider:3 | Gained mutation: Your flesh is cold resistant. (rC+)
                  | [potion of mutation]
 25259 | Spider:3 | Gained mutation: You sometimes lose your temper in combat.
                  | [potion of mutation]
 25260 | Spider:3 | Lost mutation: Your flesh is cold resistant. (rC+) [potion
                  | of mutation]
 25260 | Spider:3 | Lost mutation: Your spells are a little harder to cast, but
                  | a little more powerful. [potion of mutation]
 25260 | Spider:3 | Lost mutation: You sometimes lose your temper in combat.
                  | [potion of mutation]
 25260 | Spider:3 | Gained mutation: You have a pair of small horns on your
                  | head. [potion of mutation]
 25260 | Spider:3 | Gained mutation: You have sharp toenails. [potion of
                  | mutation]
 25260 | Spider:3 | Gained mutation: You passively map a small area around you.
                  | [potion of mutation]
 26370 | Spider:4 | Entered Level 4 of the Spider Nest
 26933 | Spider:4 | Reached skill level 15 in Shapeshifting
 27565 | Spider:4 | Reached skill level 5 in Throwing
 27703 | Spider:4 | Got a gossamer rune of Zot
 27913 | Shoals:1 | Entered Level 1 of the Shoals
 28057 | Shoals:1 | Noticed Aizul
 28061 | Shoals:1 | Reached XP level 18. HP: 191/191 MP: 25/25
 28061 | Shoals:1 | Killed Aizul
 28917 | Shoals:2 | Found a runed translucent gate.
 28918 | Shoals:2 | Found a runed translucent gate.
 28919 | Shoals:2 | Found a runed translucent gate.
 28923 | Shoals:2 | Noticed Pouhacac's ghost (adept SpEn)
 28972 | Shoals:2 | Found a transporter.
 28987 | Shoals:2 | Found a transporter.
 29307 | Shoals:2 | Killed Pouhacac's ghost
 29462 | Shoals:3 | Noticed Polyphemus
 29486 | Shoals:3 | Killed Polyphemus
 30668 | Shoals:4 | Entered Level 4 of the Shoals
 30695 | Shoals:4 | Found Kusich's One-of-a-Kind Rings.
 30725 | Shoals:4 | Noticed Donald
 30731 | Shoals:4 | Killed Donald
 30791 | Shoals:4 | Reached skill level 1 in Shields
 30847 | Shoals:4 | Reached skill level 15 in Fighting
 31134 | Shoals:4 | Got a barnacled rune of Zot
 31307 | Shoals:4 | Identified the +9 arbalest of the Blind Eye {drain, Drain
                  | Int+3 Stlth+}
 31864 | Elf:1    | Entered Level 1 of the Elven Halls
 31873 | Elf:1    | Reached skill level 15 in Unarmed Combat
 31918 | Elf:1    | Reached skill level 5 in Shields
 31938 | Elf:1    | Reached XP level 19. HP: 201/201 MP: 27/27
 32552 | Elf:1    | Acquired 699 gold pieces
 33084 | Elf:2    | Found Jimok's Weapon Emporium.
 33088 | Elf:2    | Bought 5 curare-tipped darts for 90 gold pieces
 33088 | Elf:2    | Bought 6 datura-tipped darts for 81 gold pieces
 33088 | Elf:2    | Bought 2 silver javelins for 270 gold pieces
 33174 | Elf:2    | Found a large runed translucent door.
 33174 | Elf:2    | Found a large runed translucent door.
 33239 | Elf:2    | Found a large runed translucent door.
 33239 | Elf:2    | Found a large runed translucent door.
 33298 | Elf:2    | Reached skill level 10 in Shields
 33305 | Elf:2    | Found Rene's Jewellery Emporium.
 33307 | Elf:2    | Found Baxtirul's Book Boutique.
 33308 | Elf:2    | Found Hymmeh's Jewellery Emporium.
 34243 | Elf:3    | Entered Level 3 of the Elven Halls
 34343 | Elf:2    | Found a radiant altar of Vehumet.
 34450 | Elf:3    | Paralysed by an air elemental for 1 turns
 34457 | Elf:3    | Noticed Asterion
 34464 | Elf:3    | Killed Asterion
 34465 | Elf:3    | Reached XP level 20. HP: 210/210 MP: 28/28
 34497 | Elf:3    | Found Reonaon's Assorted Antiques.
 34505 | Elf:3    | Bought a potion of resistance for 430 gold pieces
 34505 | Elf:3    | Bought a scroll of revelation for 322 gold pieces
 34505 | Elf:3    | Bought a potion of attraction for 129 gold pieces
 35604 | Elf:3    | Identified the +3 quarterstaff of the Dozen Brambles {pain,
                  | SInv}
 35671 | Elf:3    | Found the +2 Maxwell's thermic engine {flame, freeze, rev}
 35762 | Elf:3    | Got the Catalogue of the Union
 35767 | Elf:3    | Got the Catalogue of the Many Things
 35771 | Elf:3    | Identified the +7 hand axe "Ucigrep" {venom, *Noise
                  | *Corrode Int+2 Dex+6}
 36106 | D:8      | Learned a level 2 spell: Blink
 36284 | Vaults:1 | Entered Level 1 of the Vaults
 36515 | Vaults:1 | Reached skill level 1 in Translocations
 36745 | Vaults:1 | Identified the +6 quarterstaff "Agiren" {distort, rCorr
                  | Int-2 Dex+2}
 37288 | Vaults:2 | Gained mutation: You have a pair of horns on your head. [a
                  | cacodemon]
 37534 | Vaults:2 | Reached XP level 21. HP: 218/218 MP: 29/29
 38816 | Vaults:3 | Reached skill level 10 in Dodging
 38940 | Vaults:3 | Noticed Zenata
 38949 | Vaults:3 | Killed Zenata
 39482 | Vaults:3 | Found a staircase to the Crypt.
 39482 | Vaults:3 | Found a basalt altar of Yredelemnul.
 39483 | Vaults:3 | Found an ancient bone altar of Kikubaaqudgha.
 39950 | Vaults:4 | Found a magical portal.
 39959 | WizLab   | Entered Iskenderun's Mystic Tower
 40404 | WizLab   | Got Iskenderun's Volume of Fulmination
 40404 | WizLab   | Got Iskenderun's Grimoire of the Fifth Circle
 40404 | WizLab   | Got the Vellum of Bedrock
 40951 | Vaults:4 | Reached XP level 22. HP: 227/227 MP: 31/31
 41191 | Vaults:4 | Noticed Mennas
 41201 | Vaults:4 | Killed Mennas
 41604 | Vaults:5 | Entered Level 5 of the Vaults
 41618 | Vaults:5 | Reached skill level 5 in Translocations
 41649 | Vaults:5 | Reached skill level 16 in Shapeshifting
 41673 | Vaults:5 | Noticed a dread lich
 41679 | Vaults:5 | Killed a dread lich
 41680 | Vaults:5 | Reached skill level 15 in Shields
 41685 | Vaults:5 | Noticed a dread lich
 41687 | Vaults:5 | Paralysed by a dread lich for 3 turns
 41693 | Vaults:5 | Paralysed by a dread lich for 2 turns
 41697 | Vaults:5 | Killed a dread lich
 41799 | Vaults:5 | Reached skill level 10 in Evocations
 42251 | Vaults:5 | Identified the +9 trident of Gummewo {freeze, rPois rN+
                  | SInv}
 42437 | Vaults:5 | Noticed a dread lich
 42443 | Vaults:5 | Killed a dread lich
 42475 | Vaults:5 | Noticed a dread lich
 42482 | Vaults:5 | Killed a dread lich
 42615 | Vaults:5 | Noticed a dread lich
 42623 | Vaults:5 | Killed a dread lich
 42740 | Vaults:5 | Got the Folio of Anemomancy and Intoxication
 42804 | Vaults:5 | Reached XP level 23. HP: 235/235 MP: 33/33
 42871 | Vaults:5 | Identified the +9 hand axe "Troll's Doom" {antimagic, Int+5
                  | Stlth+}
 43058 | Vaults:5 | Got a silver rune of Zot
 43077 | Vaults:5 | Got Mucepp's Reference Book on Exothermic Gases
 43198 | Vaults:5 | Identified the +3 orcbow "Toentut" {flame, rElec rF+ rN+++
                  | Dex-5}
 44703 | Shoals:4 | Bought a +8 ring of slaying for 3000 gold pieces
 44704 | Shoals:4 | Bought the ring of Leaves {Will+ rCorr Str+4 Int-5 SInv}
                  | for 520 gold pieces
 44911 | Depths:1 | Entered Level 1 of the Depths
 45065 | Depths:1 | Reached skill level 15 in Invocations
 45070 | Depths:1 | Paralysed by a wendigo for 1 turns
 45072 | Depths:1 | Found Big Baal Hell's Store.
 45101 | Depths:1 | Found a gateway to Hell.
 45174 | Depths:1 | Found a one-way gate leading to the halls of Pandemonium.
 45503 | Depths:1 | Found a one-way gateway to a ziggurat.
 45648 | Depths:1 | Found an iron altar of Okawaru.
 45713 | Depths:2 | Reached skill level 17 in Shapeshifting
 46262 | Depths:2 | Acquired 910 gold pieces
 46561 | Depths:3 | Found a glowing golden altar of the Shining One.
 46647 | Depths:3 | Noticed a caustic shrike
 46655 | Depths:3 | Killed a caustic shrike
 46678 | Depths:3 | Reached XP level 24. HP: 244/244 MP: 33/33
 46742 | Depths:3 | Noticed Saint Roka
 46754 | Depths:3 | Killed Saint Roka
 46904 | Depths:3 | Reached skill level 18 in Shapeshifting
 47112 | Depths:3 | Found a one-way gate to the infinite horrors of the Abyss.
 47223 | Depths:3 | Got the Directory of the Autopsy
 47520 | Depths:4 | Entered Level 4 of the Depths
 47710 | Depths:4 | Found a shadowy altar of Dithmenos.
 47936 | Depths:4 | Found a gate to the Realm of Zot.
 48267 | Depths:4 | Identified the +10 demon blade of Symmetry {vamp, Will-
                  | Int+5 SInv}
 48364 | Depths:4 | Found Toysicw Tahu's Weapon Emporium.
 48589 | D:14     | Bought a potion of curing for 45 gold pieces
 48589 | D:14     | Bought a potion of curing for 45 gold pieces
 48589 | D:14     | Bought a potion of curing for 45 gold pieces
 48589 | D:14     | Bought a potion of lignification for 45 gold pieces
 48589 | D:14     | Bought a potion of mutation for 120 gold pieces
 48683 | Orc:2    | Bought a scroll of vulnerability for 52 gold pieces
 48893 | Crypt:1  | Entered Level 1 of the Crypt
 50542 | Crypt:3  | Entered Level 3 of the Crypt
 50586 | Crypt:3  | Reached skill level 19 in Shapeshifting
 50615 | Crypt:3  | Found a staircase to the Tomb.
 51275 | Crypt:3  | Noticed a royal mummy
 51290 | Crypt:3  | Killed a royal mummy
 51293 | Crypt:3  | Noticed a royal mummy
 51317 | Crypt:3  | Killed a royal mummy
 51318 | Crypt:3  | Noticed a royal mummy
 51328 | Crypt:3  | Reached XP level 25. HP: 252/252 MP: 33/33
 51334 | Crypt:3  | Killed a royal mummy
 51472 | Crypt:3  | Found an ancient bone altar of Kikubaaqudgha.
 51497 | Crypt:3  | Noticed Khufu
 51514 | Crypt:3  | Killed Khufu
 51515 | Crypt:3  | Reached skill level 20 in Shapeshifting
 51781 | Crypt:3  | Found the +12 glaive of Prune {freeze, Prune}
 51833 | Crypt:3  | Identified the staff of Distraction {rF+ Dex+4 Fire}
 51835 | Crypt:3  | Got the Almanac of Unhallowed Rituals
 52348 | Zot:1    | Entered Level 1 of the Realm of Zot
 52996 | Zot:2    | Reached skill level 21 in Shapeshifting
 53052 | Zot:2    | Found the +4 dragonskin cloak
 53052 | Zot:2    | Noticed Tiamat
 53116 | Zot:2    | Killed Tiamat
 53791 | Zot:2    | Reached skill level 22 in Shapeshifting
 53919 | Zot:3    | Found a transporter.
 53921 | Zot:3    | Noticed an orb of fire
 53961 | Zot:2    | Killed an orb of fire
 54032 | Zot:3    | Found the +10 tower shield of Ignorance {rN+ Int-4}
 54069 | Zot:3    | Found a transporter.
 54071 | Zot:3    | Found a transporter.
 54128 | Zot:3    | Identified the ring "Huff" {rPois Int+4}
 54390 | Zot:3    | Found a transporter.
 54391 | Zot:3    | Found a transporter.
 54400 | Zot:3    | Found a transporter.
 54656 | Zot:4    | Learned a level 5 spell: Summon Forest
 54659 | Zot:4    | Learned a level 2 spell: Passwall
 54674 | Zot:4    | Reached XP level 26. HP: 261/261 MP: 33/33
 54774 | Zot:4    | Reached skill level 23 in Shapeshifting
 55658 | Zot:5    | Entered Level 5 of the Realm of Zot
 55700 | Zot:5    | Noticed an orb of fire
 55709 | Zot:5    | Killed an orb of fire
 55740 | Zot:5    | Noticed an orb of fire
 55746 | Zot:5    | Gained mutation: Your mind is acute. (Int +4, Str/Dex -1)
                  | [an orb of fire]
 55748 | Zot:5    | Killed an orb of fire
 56179 | Zot:5    | Reached skill level 24 in Shapeshifting
 56226 | Zot:5    | Noticed an ancient lich
 56241 | Zot:5    | Killed an ancient lich
 56249 | Zot:5    | Noticed an orb of fire
 56251 | Zot:5    | Lost mutation: Your mind is acute. (Int +4, Str/Dex -1) [an
                  | orb of fire]
 56254 | Zot:5    | Killed an orb of fire
 56255 | Zot:5    | Noticed an orb of fire
 56258 | Zot:5    | Gained mutation: You occasionally shout uncontrollably at
                  | your foes. [an orb of fire]
 56259 | Zot:5    | Gained mutation: Your system is resistant to poisons.
                  | (rPois) [an orb of fire]
 56260 | Zot:5    | Killed an orb of fire
 56262 | Zot:5    | Noticed an orb of fire
 56267 | Zot:5    | Killed an orb of fire
 56270 | Zot:5    | Noticed a dread lich
 56273 | Zot:5    | Killed a dread lich
 56289 | Zot:5    | Noticed an ancient lich
 56294 | Zot:5    | Killed an ancient lich
 56347 | Zot:5    | Reached skill level 25 in Shapeshifting
 56770 | Zot:5    | Reached XP level 27. HP: 181/269 MP: 20/33
 56900 | Zot:5    | Noticed a dread lich
 56909 | Zot:5    | Paralysed by a dread lich for 3 turns
 57300 | Zot:5    | Killed a dread lich
 57518 | Hell     | Entered the Vestibule of Hell
 57519 | Hell     | Noticed Geryon
 57663 | Depths:3 | Reached skill level 26 in Shapeshifting
 58160 | Hell     | Found a gateway to the decaying netherworld of Tartarus.
 58347 | Hell     | Killed Geryon
 58849 | Hell     | Found a gateway to the Iron City of Dis.
 58917 | Hell     | Found a gateway to the ashen valley of Gehenna.
 58998 | Hell     | Found a gateway to the freezing wastes of Cocytus.
 59368 | Zot:5    | Got the Orb of Zot
 59577 | Depths:4 | Reached skill level 27 in Shapeshifting
 59585 | Depths:3 | Noticed a seraph
 59593 | Depths:3 | Killed a seraph
 59602 | Depths:3 | Noticed Zetudoyg the pandemonium lord
 59646 | Depths:1 | Noticed Videj the pandemonium lord
 59656 | Depths:1 | Noticed Madecyal the pandemonium lord
 59662 | D:15     | Killed Videj the pandemonium lord
 59833 | D:8      | Noticed Comejel the pandemonium lord
 59869 | D:7      | Noticed Illeoz the pandemonium lord
 59880 | D:6      | Killed Illeoz the pandemonium lord
 60016 | D:$      | Escaped with the Orb!

Illustrated notes

Levels and vault maps discovered:
D:1:      spicycebolla_green_bress_n_ham_2, layout_rooms
D:2:      layout_rooms, minmay_heptomino_l4
D:3:      layout_basic, hellmonk_ecumenical_altar_watching_god,
          nicolae_figureground_sparkle, uniq_sigmund, uniq_terence
D:4:      layout_loops_ring, mainiacjoe_overflow_chevrons,
          makhleb_altar_promises_db, minmay_temple_entry_ruins,
          gammafunk_ghost_gnarly_gnolls, uniq_pikel
D:5:      layout_cave_pools, fedhas_altar_decomposition,
          chequers_serial_rivers_small_a, uniq_edmund, uniq_grinder
D:6:      layout_basic, dreamdust_princess_corridor, minmay_misc_feat_pillars,
          nicolae_elemental_shop
D:7:      minmay_blocky_corners, layout_loops_cross, lemuel_doored_altar,
          nicolae_gozag_cash_rules_everything_around_me, st_stairs_7,
          uniq_duvessa, uniq_jeremiah, uniq_prince_ribbit1, uniq_joseph
D:8:      minmay_polygon_palace, layout_gridville, uniq_gastronok
D:9:      cheibrodos_elevator_heist, layout_basic,
          nicolae_ru_sacrificial_ziggurat, nicolae_specific_store,
          minmay_misc_feat_chi, kennysheep_generic_room_10
D:10:     minmay_bloctagon, layout_loops_corners, nicolae_lava_and_water
D:11:     layout_irregular_city, dpeg_oklobed_lair, erik_orc_3,
          serial_column_ruins, column_ruins_hut, column_ruins_open_large,
          column_ruins_corridor_straight, column_ruins_corridor_straight,
          column_ruins_columns_straight, column_ruins_columns_straight,
          column_ruins_columns_straight, minmay_variable_closet
D:12:     layout_stronghold, serial_shops, shop, uniq_josephine
D:13:     hangedman_cross_stitches, layout_basic
D:14:     layout_rooms, grunt_vaults_entry_fortified, serial_shops, shop,
          roderic_lattice_octagonal_star, uniq_agnes
D:15:     gammafunk_depths_entry_grave, layout_long_grid,
          hangedman_decor_opposing, serial_shops, nicolae_shop_advertising_works
          [nicolae_subvault_shop_adworks], dreamdust_deal_with_the_devil,
          elves_outpost_lemuel
Lair:1:   layout_chaotic_city
Lair:2:   layout_roguey, minmay_shoals_entry_beasts, spider_nest_entry_rubble,
          minivault_23, grunt_forest_large_clearings, uniq_fannar
Lair:3:   layout_loops_ring, nzn_ghost_randoct, minmay_lair_oklob_items,
          serial_bayou_lake_a, infiniplex_staircase_pool_2
Lair:4:   layout_cave_pods, serial_bayou_shore_b
Lair:5:   evilmike_catoblepas_cave, layout_small_grid, slime_entry_2,
          disabler_island, grunt_megastairs_5
Shoals:1: layout_shoals, uniq_aizul
Shoals:2: gammafunk_sealed_arena, layout_shoals, gammafunk_ghost_necromancy
Shoals:3: layout_shoals, nicolae_shoals_water_shrine, uniq_polyphemus
Shoals:4: shoals_end_grunt_ice, layout_shoals, nicolae_shop_unique_rings,
          uniq_donald
Spider:1: layout_spider_delve
Spider:2: layout_chambers, drop_trap, nicolae_spider_cling_halls
Spider:3: layout_spider_delve, hangedman_spider_tarantella_strand, uniq_arachne
Spider:4: guppyfry_spider_rune, hive_lemuel
Orc:1:    layout_caves, serial_shops, shop, minmay_shop_enchanted_jewellery
Orc:2:    st_orc_open, layout_caves, minmay_shop_mass, uniq_erolcha
Elf:1:    elf_arrival_002, layout_geoelf_grid,
          hangedman_elven_crosses_minicolossus
Elf:2:    elven_hall_of_blades_hangedman_alternative
          [nicolae_blade_entry_splitting_headache], layout_gridlike,
          special_room [special_room_orc], serial_shops, nicolae_square_shop,
          minmay_shop_grove, lemuel_upstairs_altar
Elf:3:    minmay_elf_hall_circle, layout_geoelf_castle, serial_shops,
          nicolae_shop_dealshenge, drop_trap, minivault_11, uniq_asterion
Vaults:1: nicolae_vaults_sightless_eye, nicolae_vaults_three_branches,
          nicolae_vaults_surprise_closet,
          nicolae_vaults_antechamber_and_loot_room, hangedman_vaults_nails,
          v_misc_15, vaults_room_grunt_arrival_ludios, ontoclasm_vaults_chip,
          nicolae_vaults_little_squares_5, nicolae_vaults_trapezoid_1,
          v_misc_23, layout_vaults_ring
Vaults:2: st_lines, nicolae_vaults_trapezoid_lopsided_3, hangedman_vaults_locks,
          nicolae_vaults_trapezoid_lopsided_4, v_rooms_5,
          vaults_mumra_minichess, nicolae_vaults_closet_pinwheel_4,
          hangedman_vaults_capsules, nicolae_vaults_windows_and_doors_thing,
          nicolae_vaults_diagonal_hallway_9, layout_vaults_omnicross
Vaults:3: ontoclasm_vaults_spin, v_pattern_4, nicolae_vaults_triangles,
          minmay_crypt_entry_necro_gods, nicolae_vaults_house_2,
          nicolae_vaults_mini_display_case, vaults_standard_mumra_x,
          nicolae_vaults_little_squares_1, vaults_standard_mumra_lines,
          nicolae_vaults_security_offices_4, nicolae_vaults_apartment_1,
          nicolae_vaults_little_squares_4, v_misc_22, layout_vaults_maze,
          uniq_zenata
Vaults:4: mu_enter_wizlab_4, nicolae_vaults_statue_guard,
          nicolae_vaults_trapezoid_2, hangedman_vaults_snaps,
          nicolae_vaults_trapezoid_lopsided_1, layout_vaults_omnigrid,
          uniq_mennas
Vaults:5
Crypt:1:  layout_misc_corridors
Crypt:2:  layout_basic, due_unseen_surprise, grunt_megastairs_1
Crypt:3:  church_of_pain_bobbens, layout_chaotic_city,
          tomb_entry_simple_bobbens, amcnicky_mini_pool_small,
          lemuel_dead_fish_pool, hangedman_weighted_door, uniq_khufu
Depths:1: layout_gridville, enter_ziggurat_a, nicolae_hell_entry_big_baal_hell,
          rand_demon_pan_entry_5, kennysheep_small_spiral,
          okawaru_altar_gauntlet_db
Depths:2: hangedman_screamer, layout_cave_pools, hell_entry, hex_tiny,
          pan_entry, kennysheep_cross_bottleneck
Depths:3: minmay_the_grid_3x2 [minmay_the_grid_pillar_ring,
          minmay_the_grid_garden, minmay_the_grid_minigrid_small_alt,
          minmay_the_grid_plusring, minmay_the_grid_large_cup,
          minmay_the_grid_prize_big_room], layout_basic,
          nicolae_tso_carved_into_rock, abyss_entry_crystal, hell_entry,
          minmay_staircase_bubble, uniq_saint_roka
Depths:4: grunt_zot_entry_bicorn, layout_basic, serial_shops,
          nicolae_shop_bloodbath_and_beyond, grunt_dithmenos_smoke_and_mirrors,
          hellmouth_2, marbit_kobold_abyss_entry
Hell
Zot:1:    layout_misc_corridors
Zot:2:    layout_twisted_circle, uniq_tiamat
Zot:3:    layout_onion, bh_zot_lava_cross, st_stairs_7, serial_nicolae_subway,
          nicolae_sub_station_stone, nicolae_sub_station_metal,
          nicolae_sub_station_crystal
Zot:4:    layout_cathedral_of_symmetry
Zot:5:    layout_twisted_circle, lemuel_lake_of_fire

Skill      XL: |  1  2  3  4  5  6  7  8  9 10 11 12 13 14 15 16 17 18 19 20 21 22 23 24 25 26 27 |
---------------+----------------------------------------------------------------------------------+-----
Fighting       | 2 3 4 5 8 9 12 13 14 15 | 15.7
Stealth        | 1 2 3 4 5 |  5.0
Unarmed Combat | 4 5 7 10 11 12 13 15 16 17 | 17.0
Throwing       | 1 2 5 6 |  6.0
Evocations     | 2 3 4 5 6 7 8 9 10 12 | 12.0
Invocations    | 2 3 4 6 7 8 9 10 11 12 13 14 15 | 15.0
Shapeshifting  | 2 5 7 8 9 10 11 12 14 15 16 17 19 22 25 27 | 27.0
Dodging        | 2 3 4 5 6 8 9 10 | 10.0
Armour         | 3 4 5 6 |  6.5
Shields        | 5 12 13 14 15 17 20 | 20.0
Translocations | 2 4 5 |  5.0
Spellcasting   | 2 3 4 |  4.0
Conjurations   | |  2.1

Action                     |  1- 3 |  4- 6 |  7- 9 | 10-12 | 13-15 | 16-18 | 19-21 | 22-24 | 25-27 || total
---------------------------+-------+-------+-------+-------+-------+-------+-------+-------+-------++-------
  Melee: Unarmed           |    94 |   150 |   321 |   482 |   845 |   810 |   927 |  1043 |  1062 ||  5734
         Punch             |     1 |     2 |    12 |    34 |    64 |    64 |       |       |       ||   177
         Kick              |       |       |       |       |       |   141 |   306 |   437 |   464 ||  1348
         Headbutt          |       |       |       |       |       |    79 |   214 |   284 |   302 ||   879
  Throw: Stone             |     8 |    25 |    11 |       |       |       |       |       |       ||    44
         Dart              |       |       |    27 |     9 |       |     4 |       |     2 |       ||    42
         Boomerang         |       |       |       |       |       |     1 |       |       |       ||     1
         Throwing net      |       |       |       |       |       |       |     3 |       |     3 ||     6
   Cast: Blink             |       |       |       |       |       |       |       |     7 |     3 ||    10
         Passwall          |       |       |       |       |       |       |       |       |     1 ||     1
 Invoke: Lesser Servant of |       |       |       |     6 |     4 |     2 |       |       |       ||    12
         Minor Destruction |       |       |       |    11 |   315 |   358 |   237 |   244 |   162 ||  1327
         Greater Servant o |       |       |       |       |     3 |    17 |    16 |    17 |     8 ||    61
Ability: Begin Untransform |       |       |     1 |       |       |     1 |       |       |       ||     2
  Evoke: Wand              |       |       |     7 |    16 |    13 |     5 |    12 |     5 |    26 ||    84
         Lightning rod     |       |       |     2 |    17 |    19 |    20 |    12 |     4 |     4 ||    78
         Phantom mirror    |       |       |       |       |     2 |     4 |     3 |     3 |     3 ||    15
         Condenser vane    |       |       |       |       |       |       |       |     2 |     3 ||     5
         Box of beasts     |       |       |       |       |       |       |       |     2 |     3 ||     5
         Phial of floods   |       |       |       |       |       |       |       |       |     1 ||     1
    Use: Scroll            |       |     2 |     8 |    18 |    19 |     9 |     9 |     8 |    18 ||    91
         Potion            |       |       |       |     2 |    11 |    10 |       |     5 |     8 ||    36
   Stab: Sleeping          |       |     2 |       |     5 |     6 |     2 |    19 |     8 |     3 ||    45
         Paralysed         |       |       |     7 |    14 |       |     1 |       |       |     2 ||    24
         Distracted        |       |       |       |     1 |     1 |     5 |     1 |     4 |     4 ||    16
         Invisible         |       |       |       |       |     1 |     3 |     1 |     1 |       ||     6
         Petrified         |       |       |       |       |       |     5 |       |       |       ||     5
 Armour: Robe              |    31 |    53 |    66 |     7 |       |       |       |       |       ||   157
         Troll leather arm |       |       |       |    95 |   170 |     1 |       |       |       ||   266
         Skin              |       |       |       |       |    25 |  1037 |   501 |   615 |   978 ||  3156
  Dodge: Dodged            |    32 |    43 |    85 |   181 |   322 |   687 |   493 |   491 |   747 ||  3081
  Block: Other             |       |       |       |       |    34 |   253 |       |       |       ||   287
         Reflection        |       |       |       |       |    13 |    14 |   109 |    40 |    15 ||   191
         Kite shield       |       |       |       |       |       |    92 |  1043 |  1210 |  1422 ||  3767
   Form: Blade             |       |       |     1 |     1 |     1 |     1 |       |       |       ||     4
                           |       |       |       |       |     1 |       |       |       |       ||     1
         Statue            |       |       |       |       |       |     3 |       |       |       ||     3

Table legend: (Time is in decaauts)
 A = Elapsed time spent in this place.
 B = Non-inter-level travel time spent in this place.
 C = Inter-level travel time spent in this place.
 D = Time resting spent in this place.
 E = Time spent auto-exploring this place.
 F = Levels seen in this place.
 G = Mean time per level.
                   A        B        C        D        E       F      G
               +--------+--------+--------+--------+--------+-----+--------+
         Total |  77145 |  69868 |   7277 |   3950 |  44776 |  52 | 1483.6 |
       Dungeon |  18261 |  15312 |   2949 |    712 |   9610 |  15 | 1217.4 |
          Lair |   6371 |   5796 |    575 |    150 |   4145 |   5 | 1274.2 |
        Shoals |   5770 |   5436 |    334 |     37 |   4117 |   4 | 1442.5 |
   Spider Nest |   5997 |   5679 |    318 |    174 |   3750 |   4 | 1499.2 |
  Orcish Mines |   1793 |   1503 |    290 |    155 |    795 |   2 |  896.5 |
   Elven Halls |   6035 |   5624 |    411 |    227 |   3633 |   3 | 2011.7 |
        Vaults |  11292 |  10409 |    883 |    796 |   6730 |   5 | 2258.4 |
         Crypt |   4721 |   4532 |    189 |    191 |   3079 |   3 | 1573.7 |
        Depths |   6459 |   5873 |    586 |     90 |   3768 |   4 | 1614.8 |
          Hell |   1628 |   1614 |     14 |    463 |    610 |   1 | 1628.0 |
           Zot |   7886 |   7163 |    723 |    786 |   4229 |   5 | 1577.2 |
        Wizlab |    926 |    926 |      0 |    165 |    307 |   1 |  926.0 |
               +--------+--------+--------+--------+--------+-----+--------+

Top non-repeatable levels by time:
Vaults:5: 4072 daAuts
   Zot:5: 2676 daAuts
Depths:3: 2484 daAuts
   Elf:3: 2403 daAuts
  Lair:5: 2320 daAuts
 Crypt:3: 2249 daAuts
     D:7: 2137 daAuts
Spider:4: 2051 daAuts
Vaults:3: 1999 daAuts
Vaults:2: 1975 daAuts
   Elf:2: 1916 daAuts
Spider:2: 1750 daAuts
   Elf:1: 1716 daAuts
     D:8: 1673 daAuts
Vaults:1: 1649 daAuts
